 Dungeon Crawl Stone Soup version 0.14-a0-2810-g474977d (webtiles) character file.

499 Psiweapon the Grappler (level 6, -1/51 HPs)
             Began as a Ghoul Monk on Feb 26, 2014.
             Slain by Duvessa
             ... wielding a +3,+3 short sword of venom
              (8 damage)
             ... on Level 4 of the Dungeon.
             The game lasted 00:14:38 (2983 turns).

Psiweapon the Grappler (Ghoul Monk)                 Turns: 2983, Time: 00:14:39

HP  -1/51        AC  3     Str 17      XL: 6   Next: 71%
MP   5/5         EV 12     Int  5      God:
Gold 126         SH  0     Dex 11      Spells:  0 memorised,  5 levels left

rFire  . . .     SeeInvis .       - Unarmed
rCold  + . .     Clarity  .     a - +0 robe
rNeg   + + +     Conserve .     (no shield)
rPois  +         rCorr    .     b - +0 helmet
rElec  .         rRot     +     (no cloak)
SustAb . .       Spirit   .     (no gloves)
rMut   .         Warding  .     (no boots)
Saprov + + +     Stasis   .     (no amulet)
MR     .....                    (no ring)
                                q - ring of positive energy {unknown}

@: rotting, not resistant to hostile enchantments, fairly stealthy
A: rotting body, claws 1, carnivore 3, cold resistance 1, life protection 3,
poison resistance, saprovore 3, slow healing 1, torment resistance, unbreathing
a: no special abilities


You were on level 4 of the Dungeon.
You were not hungry.

You visited 1 branch of the dungeon, and saw 4 of its levels.

You collected 126 gold pieces.

Inventory:

Hand weapons
 f - the +4,+12 Glaive of Prune {chop}
   (You found it on level 4 of the Dungeon)

   It inflicts extra damage upon your enemies.
 y - a +2 blowgun
 D - a +0,+0 crossbow
Missiles
 B - 10 poisoned needles
 H - 3 tomahawks (quivered)
Armour
 a - a +0 robe (worn)
 b - a +0 helmet (worn)
 j - a troll hide
Comestibles
 p - a meat ration
 u - a royal jelly
 v - a chunk of worm flesh
 A - 3 chunks of gnoll flesh
 C - a chunk of gnoll flesh
Scrolls
 c - 3 scrolls of blinking {unknown}
 d - a scroll of enchant weapon I {unknown}
 g - 2 scrolls of amnesia {unknown}
 h - a scroll of random uselessness {unknown}
 i - 4 scrolls of identify {unknown}
 k - 2 scrolls of curse jewellery {unknown}
 l - a scroll of recharging {unknown}
 m - 3 scrolls of teleportation {unknown}
 s - a scroll of magic mapping {unknown}
 t - 2 scrolls of remove curse {unknown}
 w - a scroll of immolation {unknown}
Jewellery
 q - a ring of positive energy (left claw) {unknown}
Potions
 e - a potion of brilliance {unknown}
 n - a potion of curing {unknown}
 o - a potion of resistance {unknown}
 r - a potion of heal wounds {unknown}
 z - a potion of berserk rage {unknown}


   Skills:
 + Level 3.2 Fighting
 + Level 2.6 Dodging
 - Level 2.1 Stealth
 - Level 8.6 Unarmed Combat


You had 5 spell levels left.
You didn't know any spells.

Dungeon Overview and Level Annotations

Branches:
Dungeon (4/16)
 Temple: D:4-7

Altars:

Annotations:
D:4 Dowan, Duvessa


Innate Abilities, Weirdness & Mutations

Your body is rotting away.
You have sharp fingernails.
You are carnivorous and can eat meat at any time.
Your flesh is cold resistant.
You are immune to negative energy.
Your system is resistant to poisons.
You thrive on rotten meat.
You heal slowly when monsters are visible.
You are immune to unholy pain and torment.
You can survive without breathing.


Message History

Duvessa hits you with a glowing short sword!
* * * LOW HITPOINT WARNING * * *
Dowan mumbles some strange words.
Dowan blinks!
You hit Duvessa.
Duvessa is moderately wounded.
Duvessa misses you.
You claw Duvessa!
Duvessa is heavily wounded.
Duvessa hits you with a glowing short sword.
* * * LOW HITPOINT WARNING * * *
The rat bites you.
* * * LOW HITPOINT WARNING * * *
Duvessa closely misses you.
Dowan mumbles some strange words.
Dowan blinks!
You hit Duvessa but do no damage.
Duvessa is heavily wounded.
Duvessa hits you with a glowing short sword!
You die...

####### #.....# ##
#.....# ...? ......#
########....? .....##
#............ .....#
#..........ยง.
%....#######.....r......#
.......>...'....@e.......
#..........#.........e..#
#..........#............
####.......#............
#.......###########..
#.........# ###.........#
#......#....#
#......#....#########


You could see Duvessa (bleeding), Dowan and a rat.

Vanquished Creatures
  Eustachio (D:4)
  A hound (D:4)
  A worker ant (D:4)
  7 adders
  3 gnolls (D:4)
  2 green rats (D:4)
  A shadow imp (D:4)
  An ufetubus (D:4)
  2 worms (D:4)
  2 giant geckos (D:1)
  An ooze (D:1)
  3 giant cockroaches
  11 hobgoblins
  8 kobolds
  2 quokkas
  15 bats
  5 giant newts
  10 goblins
  6 rats
82 creatures vanquished.

Notes
Turn   | Place    | Note
--------------------------------------------------------------
     0 | D:1      | Psiweapon, the Ghoul Monk, began the quest for the Orb.
     0 | D:1      | Reached XP level 1. HP: 19/19 MP: 1/1
   232 | D:1      | Reached XP level 2. HP: 21/26 MP: 2/2
   271 | D:1      | Reached skill level 5 in Unarmed Combat
   737 | D:1      | Reached XP level 3. HP: 31/31 MP: 3/3
  1210 | D:2      | Reached skill level 6 in Unarmed Combat
  1210 | D:2      | Reached XP level 4. HP: 35/38 MP: 3/3
  2050 | D:3      | Reached XP level 5. HP: 40/45 MP: 4/4
  2391 | D:4      | Noticed Eustachio
  2446 | D:4      | Killed Eustachio
  2446 | D:4      | Reached skill level 8 in Unarmed Combat
  2446 | D:4      | Reached XP level 6. HP: 14/51 MP: 5/5
  2972 | D:4      | Noticed Duvessa
  2974 | D:4      | Noticed Dowan
  2983 | D:4      | Slain by Duvessa

Action                   |  1- 3 |  4- 6 || total
-------------------------+-------+-------++-------
Melee: Unarmed           |    91 |   126 ||   217
       Glaive            |       |    34 ||    34
 Stab: Sleeping          |     6 |     1 ||     7
